 Dungeon Crawl Stone Soup version 0.26-a0-812-g31a745ddcd (webtiles) character file.

Game seed: 17299667396011049132

114 Borgoz the Skirmisher (level 4, -3/40 HPs)
             Began as a Ghoul Monk on Dec 8, 2020.
             Slain by a worm (4 damage)
             ... on level 3 of the Dungeon.
             The game lasted 00:01:49 (2164 turns).

Borgoz the Skirmisher (Ghoul Monk)                  Turns: 2164, Time: 00:01:50

Health: -3/40      AC:  6    Str: 13 (15) XL:     4   Next: 97%
Magic:  3/3        EV: 11    Int:  3 (5)  God:
Gold:   103        SH:  0    Dex: 10 (11) Spells: 3/3 levels left

rFire    . . .     SeeInvis .   a - +0 falchion
rCold    + . .     Faith    .   (no shield)
rNeg     + + +     Spirit   .   l - +0 ring mail
rPois    ∞         Reflect  .   f - +0 helmet
rElec    .         Harm     .   (no cloak)
rCorr    .         Rampage  .   (no gloves)
MR       .....                  (no boots)
Stlth    +.........             (no amulet)
HPRegen  0.00/turn              (no ring)
MPRegen  0.08/turn              (no ring)

@: no status effects
A: rotting body, claws 1, cold resistance 1, negative energy resistance 3,
inhibited regeneration, torment resistance, unbreathing
a: no special abilities


You were on level 3 of the Dungeon.
You visited 1 branch of the dungeon, and saw 3 of its levels.

You collected 103 gold pieces.

Inventory:

Hand Weapons
 a - a +0 falchion (weapon)
Armour
 f - a +0 helmet (worn)
 l - a +0 ring mail (worn)
Scrolls
 d - a scroll of magic mapping {unknown}
 e - 3 scrolls of identify {unknown}
 g - a scroll of blinking {unknown}
 h - a scroll of fog {unknown}
 i - a scroll of fear {unknown}
 j - a scroll of remove curse {unknown}
 k - a scroll of immolation {unknown}


   Skills:
 + Level 3.7 Fighting
 * Level 3.5 Long Blades
 * Level 2.0 Armour
 + Level 3.1 Dodging
 - Level 2.6 Stealth


You had 3 spell levels left.
You didn't know any spells.
Your spell library was empty.

Dungeon Overview and Level Annotations

Branches:
Dungeon (3/15)

Altars:
Fedhas
Hepliaklqana


Innate Abilities, Weirdness & Mutations

Your body is rotting away.
You thrive by killing the living.
You are immune to poison.
You have sharp fingernails.
Your flesh is cold resistant. (rC+)
You are immune to negative energy. (rN+++)
You do not regenerate when monsters are visible.
You are immune to unholy pain and torment.
You can survive without breathing.


Message History

A worm comes into view.
A magic dart appears from out of thin air!
The magic dart hits you.
* * * LOW HITPOINT WARNING * * *
You see here a smoky purple potion.
Firing (i - inventory) No suitable missiles.
Press: ? - help, Shift-Dir - straight line, f - worm
Aim: a worm You can't see any item there. x2
Okay, then.
b - a smoky purple potion It was a potion of degeneration.
There was something very wrong with that liquid.
You feel weakened.
You feel dopey.
You feel clumsy. Something hits you but does no damage.
You hit something. Something hits you but does no damage.
You hit something. Something hits you.
* * * LOW HITPOINT WARNING * * *
The worm bites you.
You die...

## . .#.. ....#.#
# ...#. ...
#+#..#######..###
#.#.#....@w......
#.#.#.#######.###
..####.#.#)#######
.?.....o..<.......
#.####'###########
... #... #... #...


You could see a worm.

Vanquished Creatures
  An orc priest (D:3)
  2 adders (D:2)
  2 oozes
  5 dart slugs
  A leopard gecko (D:1)
  An orc (D:3)
  8 bats
  2 giant cockroaches (D:2)
  A goblin (D:1)
  7 hobgoblins
  5 jackals (D:1)
  2 frilled lizards (D:2)
  6 kobolds
  3 rats
46 creatures vanquished.

Notes
Turn   | Place    | Note
-------+----------+-------------------------------------------
     0 | D:1      | Borgoz the Ghoul Monk began the quest for the Orb.
     0 | D:1      | Reached XP level 1. HP: 19/19 MP: 0/0
   154 | D:1      | Reached XP level 2. HP: 15/26 MP: 1/1
   318 | D:1      | Reached skill level 1 in Armour
   621 | D:1      | Reached XP level 3. HP: 29/31 MP: 2/2
  1389 | D:2      | Reached XP level 4. HP: 39/39 MP: 3/3
  1413 | D:2      | Found a hazy altar of Hepliaklqana.
  1677 | D:2      | Found a blossoming altar of Fedhas.
  2160 | D:3      | HP: 2/40 [something/magic dart (6)]
  2164 | D:3      | Slain by a worm

Illustrated notes

Levels and vault maps discovered:
D:1:      dpeg_arrival_arbitrary_a, layout_basic
D:2:      layout_basic, marbit_many_paths, old_standard_altar
D:3:      layout_basic, lemuel_coloured_pillars_altar,
          nicolae_gozag_seed_capital, grunt_decor_resistance,
          nemelex_diamond_rough_becter, uniq_robin

Skill      XL: |  1  2  3  4 |
---------------+-------------+-----
Long Blades    | 3 |  3.5
Armour         | 1 2 |  2.0
Dodging        | 3 |  3.1
Fighting       | |  3.7
Stealth        | |  2.6

Action                   |  1- 3 |  4- 6 || total
-------------------------+-------+-------++-------
Melee: Falchion          |   106 |    72 ||   178
  Use: Potion            |       |     3 ||     3
 Stab: Sleeping          |     5 |     1 ||     6
Armor: Robe              |    11 |       ||    11
       Leather armour    |    13 |     3 ||    16
       Ring mail         |       |    26 ||    26
Dodge: Dodged            |    78 |    42 ||   120
       Rpst.: Falchion   |    32 |     8 ||    40

Table legend: (Time is in decaauts)
 A = Elapsed time spent in this place.
 B = Non-inter-level travel time spent in this place.
 C = Inter-level travel time spent in this place.
 D = Time resting spent in this place.
 E = Time spent auto-exploring this place.
 F = Levels seen in this place.
 G = Mean time per level.
                   A        B        C        D        E       F      G
               +--------+--------+--------+--------+--------+-----+--------+
         Total |   2190 |   2044 |    146 |    219 |   1432 |   3 |  730.0 |
       Dungeon |   2190 |   2044 |    146 |    219 |   1432 |   3 |  730.0 |
               +--------+--------+--------+--------+--------+-----+--------+

Top non-repeatable levels by time:
     D:1: 1241 daAuts
     D:2: 879 daAuts
     D:3: 69 daAuts
